 Dungeon Crawl Stone Soup version 0.25.1-2-g60ff931df9 (webtiles) character file.

Game seed: 11168352312143280595

3021 hawla the Cleaver (level 9, -3/81 HPs)
             Began as a Minotaur Berserker on Oct 7, 2020.
             Was an Elder of Trog.
             Slain by a two-headed ogre
             ... wielding a +0 giant club
              (24 damage)
             ... on level 8 of the Dungeon.
             The game lasted 00:16:41 (8527 turns).

hawla the Cleaver (Minotaur Berserker)              Turns: 8527, Time: 00:16:42

Health: -3/81      AC: 12    Str: 26    XL:     9   Next: 55%
Magic:  8/8        EV: 14    Int:  6    God:    Trog [****..]
Gold:   396        SH:  0    Dex:  9    Spells: 8/8 levels left

rFire    . . .     SeeInvis .   f - +2 spear (vorpal)
rCold    . . .     Gourm    .   (no shield)
rNeg     . . .     Faith    .   A - +3 ring mail {MR+}
rPois    .         Spirit   .   (helmet restricted)
rElec    .         Reflect  .   (no cloak)
rCorr    .         Harm     .   (no gloves)
MR       +....                  q - +0 pair of boots (curse)
Stlth    ..........             (no amulet)
HPRegen  0.23/turn              (no ring)
MPRegen  0.11/turn              (no ring)

@: mighty
A: retaliatory headbutt, horns 2, iridescent scales 1, clever 1, wild magic 1
a: Berserk, Trog's Hand, Brothers in Arms, Renounce Religion


You were on level 8 of the Dungeon.
You worshipped Trog.
Trog was greatly pleased with you.
You were not hungry.

You visited 1 branch of the dungeon, and saw 8 of its levels.

You collected 396 gold pieces.

Inventory:

Hand Weapons
 f - a +2 vorpal spear (weapon)
 n - a +0 war axe
Missiles
 b - 4 boomerangs
 v - 4 silver javelins (quivered)
 x - 6 boomerangs of dispersal
Armour
 q - a cursed +0 pair of boots (worn)
 u - the +3 ring mail "Pimm" {rF++}
   (You found it on level 5 of the Dungeon)

   It greatly protects you from fire.
 A - a +3 ring mail of magic resistance (worn)
Wands
 d - a wand of flame (21)
 l - a wand of enslavement (9)
 y - a wand of clouds (7)
Scrolls
 h - 4 scrolls of enchant weapon
 i - a scroll of vulnerability {unknown}
 j - a scroll of magic mapping
 k - 2 scrolls of enchant armour
 m - a scroll of identify
 p - a scroll of fog
Potions
 e - 3 potions of flight
 s - a potion of ambrosia
Comestibles
 a - 8 chunks of flesh
 c - 12 rations


   Skills:
 + Level 8.2 Fighting
 + Level 8.7(9.5) Axes
 + Level 5.8(8.1) Polearms
 + Level 1.1 Throwing
 + Level 6.1 Armour
 * Level 7.8 Dodging


You had 8 spell levels left.
You didn't know any spells.
Your spell library was empty.

Dungeon Overview and Level Annotations

Branches:
Dungeon (8/15)             Temple (0/1) D:7
   Lair: D:8-11

Altars:
Dithmenos
Elyvilon
Nemelex Xobeh


Innate Abilities, Weirdness & Mutations

You reflexively headbutt those who attack you in melee.
You have a pair of horns on your head.
You are partially covered in iridescent scales. (AC +2)
Your mind is acute. (Int +2)
Your spells are a little harder to cast, but a little more powerful.


Message History

Aim: a two-headed ogre, wielding two +0 giant clubs (lightly wounded)
You throw a silver javelin.
The silver javelin barely misses the two-headed ogre.
The two-headed ogre hits you with a +0 giant club!
The two-headed ogre hits you with a +0 giant club.
You see here an iguana skeleton.
You hit the two-headed ogre but do no damage.
The two-headed ogre is lightly wounded.
The two-headed ogre hits you but does no damage.
The two-headed ogre hits you with a +0 giant club!
You puncture the two-headed ogre!
The two-headed ogre is moderately wounded.
You hit the two-headed ogre but do no damage.
You headbutt the two-headed ogre!
The two-headed ogre is heavily wounded.
The two-headed ogre hits you with a +0 giant club! x2
* * * LOW HITPOINT WARNING * * *
You feel very mighty all of a sudden.
The two-headed ogre hits you with a +0 giant club!!
You die...

#( #..# ###### #Z #..#
#..... #( ##..# #.####
###.##...# #.# #
#........# #.# #
#.###....# #.# # #.#
#Z##.# #.# # #.# #O##.#
#.# # # #.# #@##.# #.# #
####.##.###.##.# #.# #
...............# #.# #
##.###.###.###########.#
## ##.#
#.##.......##.###. #
##..###.##.#####.##.....
#.#.#)....##.# #.######.
##.##÷..#####.#
#.....÷.. #...#.#.# #.#
########.


You could see a two-headed ogre and a hound zombie.

Vanquished Creatures
  Grinder (D:6)
  A hippogriff (D:7)
  A hungry ghost (D:8)
  Duvessa (D:6)
  An orc warrior (D:4)
  A black bear (D:7)
  An ice beast (D:8)
  2 necrophages
  An ogre (D:7)
  6 bullfrogs
  3 scorpions
  Dowan (D:6)
  3 killer bees (D:8)
  5 wights (D:7)
  2 crimson imps (D:6)
  A bullfrog zombie (D:8)
  A gnoll shaman (D:6)
  2 orc priests
  2 centaur skeletons
  6 orc wizards
  3 iguanas
  A bullfrog skeleton (D:7)
  4 worker ants
  A hound zombie (D:6)
  A worker ant zombie (D:6)
  10 gnolls
  11 adders
  A shadow imp (D:3)
  6 oozes
  3 worms (D:3)
  4 dart slugs
  19 orcs
  3 giant cockroaches
  8 goblins
  6 hobgoblins
  9 jackals
  7 kobolds
  2 quokkas
  A ball python (D:1)
  5 bats
  5 frilled lizards
  A jackal skeleton (D:7)
  6 rats
159 creatures vanquished.

Vanquished Creatures (others)
  A quokka (D:8)
1 creature vanquished.

Grand Total: 160 creatures vanquished

Notes
Turn   | Place    | Note
-------+----------+-------------------------------------------
     0 | D:1      | hawla the Minotaur Berserker began the quest for the Orb.
     0 | D:1      | Reached XP level 1. HP: 19/19 MP: 0/0
   192 | D:1      | Reached XP level 2. HP: 27/27 MP: 1/1
   505 | D:1      | Reached ** piety under Trog
   755 | D:1      | Reached XP level 3. HP: 33/33 MP: 2/2
  1368 | D:2      | Reached XP level 4. HP: 41/41 MP: 3/3
  1577 | D:2      | Found a sparkling altar of Nemelex Xobeh.
  1969 | D:2      | You fall into a shaft and drop 2 floors!
  2140 | D:4      | Reached skill level 5 in Fighting
  2276 | D:3      | Reached XP level 5. HP: 42/48 MP: 4/4
  2279 | D:3      | Reached skill level 1 in Polearms
  2976 | D:3      | Reached skill level 5 in Axes
  3084 | D:3      | Reached *** piety under Trog
  3300 | D:4      | Gained mutation: You are partially covered in iridescent
                  | scales. (AC +2) [potion of mutation]
  3300 | D:4      | Gained mutation: Your spells are a little harder to cast,
                  | but a little more powerful. [potion of mutation]
  3300 | D:4      | Gained mutation: Your mind is acute. (Int +2) [potion of
                  | mutation]
  3714 | D:4      | Reached XP level 6. HP: 32/56 MP: 5/5
  4024 | D:4      | Noticed an orc warrior
  4038 | D:4      | Killed an orc warrior
  4702 | D:5      | Entered Level 5 of the Dungeon
  4746 | D:5      | Reached XP level 7. HP: 55/61 MP: 6/6
  4849 | D:5      | You fall into a shaft and drop 1 floor!
  4865 | D:6      | Reached skill level 5 in Dodging
  5337 | D:5      | Got a pitted ring mail
  5806 | D:5      | Identified the +3 ring mail "Pimm" {rF++} (You found it on
                  | level 5 of the Dungeon)
  5836 | D:6      | Noticed Grinder
  5855 | D:6      | Killed Grinder
  5855 | D:6      | Reached XP level 8. HP: 70/70 MP: 7/7
  6135 | D:6      | Reached **** piety under Trog
  6205 | D:6      | Noticed Duvessa
  6205 | D:6      | Noticed Dowan
  6209 | D:6      | Killed Dowan
  6222 | D:6      | Killed Duvessa
  6769 | D:7      | Reached skill level 5 in Polearms
  6938 | D:7      | Reached skill level 5 in Armour
  6993 | D:7      | Found a white marble altar of Elyvilon.
  7003 | D:7      | Reached XP level 9. HP: 75/79 MP: 6/8
  7189 | D:7      | Found a staircase to the Ecumenical Temple.
  7568 | D:7      | Found a shadowy altar of Dithmenos.
  7746 | D:8      | Noticed a two-headed ogre
  7752 | D:8      | HP: 3/79 [two-headed ogre/+0 giant club (7)]
  8426 | D:8      | Reached skill level 1 in Throwing
  8527 | D:8      | Slain by a two-headed ogre

Illustrated notes

Levels and vault maps discovered:
D:1:      minmay_arrival_plants_in_alcoves, layout_basic
D:2:      layout_loops_ring, serial_bayou_pond_b, nemelex_dance_club_becter
D:3:      layout_basic
D:4:      layout_loops_ring, minmay_tree_intersection
D:5:      layout_rooms, first_ration, minmay_misc_feat_square
D:6:      layout_loops_ring, serial_glass, glass_columns_b, glass_columns_a,
          minmay_strange_pillars, uniq_duvessa, uniq_grinder
D:7:      layout_rooms, kennysheep_little_box, minmay_temple_entry_junction,
          elyvilon_altar_5
D:8:      layout_loops_ring

Skill      XL: |  1  2  3  4  5  6  7  8  9 |
---------------+----------------------------+-----
Fighting       | 4 5 6 7 8 |  8.2
Axes           | 4 5 7 8 |  8.7
Dodging        | 3 4 6 7 |  7.8
Polearms       | 1 3 4 5 |  5.8
Armour         | 3 4 5 6 |  6.1
Throwing       | 1 |  1.1

Action                   |  1- 3 |  4- 6 |  7- 9 || total
-------------------------+-------+-------+-------++-------
Melee: Hand axe          |    50 |    22 |       ||    72
       Headbutt          |    11 |    26 |    34 ||    71
       Spear             |    18 |    93 |   163 ||   274
       War axe           |       |    41 |    91 ||   132
Throw: Boomerang         |       |     3 |    16 ||    19
       Javelin           |       |       |     3 ||     3
Invok: Trog's Hand       |       |     1 |       ||     1
Evoke: Wand              |       |       |     2 ||     2
  Use: Potion            |     1 |     7 |     3 ||    11
       Scroll            |       |     8 |     9 ||    17
  Eat: Ration            |     1 |       |     2 ||     3
       Chunk             |       |     9 |    10 ||    19
Armor: Animal skin       |     7 |     2 |       ||     9
       Leather armour    |       |    21 |    17 ||    38
       Skin              |       |       |    26 ||    26
       Ring mail         |       |       |    57 ||    57
Dodge: Dodged            |    40 |    79 |   125 ||   244
